Map: Deathaura LE

Players

DPGCure (Cure)

  • Race: Terran Terran
  • League: Master
  • Spawn Location: 11:00

DPGRogue (Rogue) - Winner!

  • Race: Zerg Zerg
  • Spawn Location: 5:00

Event: StayAtHome Story Cup #3

VOD

Have the link to the VOD?

Description

Time

  • Played on: March 13, 2021, 8:07 a.m.
  • Length: 18:55

All games in this series

Show
View Real Time Build Order
Export as new Build Order

DPGCure Terran 

Build Orders: Hellion Opening, Reaper Expand 

Get SALT Encoding   

  12  0:00  SCV  
  13  0:12  SCV  
  14  0:17  Supply Depot  
  14  0:24  SCV  
  15  0:38  SCV  
  15  0:40  Barracks  
  15  0:42  Refinery  
  16  0:50  SCV  
  17  1:03  SCV  
  18  1:15  SCV  
  19  1:27  Reaper, Orbital Command  
  20  1:37  Command Center  
  20  1:45  Supply Depot  
  20  1:53  SCV  
  21  1:58  Marine  
  22  2:05  SCV  
  23  2:08  Factory  
  23  2:17  SCV  
  23  2:20  Barracks Reactor  
  24  2:29  SCV  
  25  2:41  SCV  
  25  2:44  Command Center  
  26  2:51  Orbital Command  
  26  2:53  SCV  
  26  2:57  Starport  
  27  3:05  SCV  
  28  3:07  Hellion  
  28  3:08  Hellion  
  28  3:11  Refinery  
  32  3:13  Marine  
  32  3:18  SCV x2  
  35  3:30  SCV x2  
  35  3:32  Hellion x2  
  41  3:36  Viking  
  43  3:41  Barracks Tech Lab  
  43  3:43  SCV x2  
  49  3:55  Orbital Command  
  49  3:56  Hellion x2  
  49  3:58  SCV x2  
  49  4:01  Marine  
  52  4:06  Liberator  
  55  4:10  SCV x2  
  55  4:15  Supply Depot  
  57  4:22  SCV x2, Supply Depot  
  57  4:24  SCV  
  60  4:29  Marine  
  60  4:30  Stimpack  
  61  4:37  SCV x3, Hellion x2  
  68  4:38  Supply Depot  
  68  4:49  SCV x3  
  71  4:53  Supply Depot  
  71  4:57  Marine  
  72  5:01  SCV x3  
  72  5:06  Refinery  
  72  5:07  Refinery, Barracks x2, Factory Reactor  
  75  5:10  Starport Reactor, Supply Depot  
  75  5:13  SCV x2  
  77  5:15  Marine  
  78  5:22  Engineering Bay x2, Supply Depot  
  78  5:25  SCV x2  
  78  5:27  Orbital Command  
  80  5:33  Marine  
  81  5:37  SCV x2  
  80  5:49  SCV x2  
  82  5:51  Marine  
  82  5:52  Medivac x2  
  82  5:54  Terran Infantry Armor Level 1, Terran Infantry Weapons Level 1  
  82  5:55  SCV  
  88  6:00  Factory Reactor, Barracks, Marine x2  
  88  6:01  SCV  
  88  6:02  SCV  
  92  6:05  Barracks  
  92  6:08  Marine x3  
  92  6:10  SCV  
  96  6:14  SCV x2  
  96  6:15  Combat Shield, Supply Depot x2  
  98  6:22  SCV  
  98  6:25  Marine x2  
  101  6:26  SCV x2, Marine x3  
  106  6:34  SCV  
  106  6:38  SCV x2  
  107  6:42  Marine x2, Medivac  
  107  6:43  Widow Mine, Medivac  
  107  6:44  Widow Mine, Marine x3  
  118  6:53  SCV x3  
  110  6:56  Barracks Reactor x2  
  110  7:00  Marine x2  
  106  7:01  Refinery x2  
  106  7:02  Marine  
  106  7:03  Factory  
  106  7:04  Armory  
  106  7:08  Widow Mine  
  109  7:10  Widow Mine, Command Center  
  111  7:15  SCV  
  111  7:16  SCV  
  113  7:24  Marine x4  
  113  7:25  Marine  
  120  7:30  Widow Mine, Supply Depot x2  
  120  7:31  Supply Depot  
  120  7:38  Command Center  
  120  7:43  Marine x5  
  125  7:48  Supply Depot  
  125  7:49  Marine x2, Supply Depot  
  125  7:51  Marine  
  125  7:53  Terran Infantry Armor Level 2, Terran Infantry Weapons Level 2  
  125  7:55  Terran Vehicle And Ship Armor Level 1  
  125  7:57  Factory Tech Lab, Marine  
  127  8:01  Marine x4  
  129  8:06  SCV  
  129  8:07  SCV x2  
  129  8:11  Marine  
  129  8:12  Marine x3  
  135  8:18  Drilling Claws, Medivac x2  
  139  8:20  Widow Mine x3  
  144  8:31  Marine x6  
  144  8:33  Missile Turret  
  150  8:35  Missile Turret  
  143  8:42  Thor, Missile Turret  
  143  8:43  Widow Mine x2  
  143  8:47  Marine x3  
  147  8:49  Marine  
  147  8:55  SCV x3  
  149  9:06  Sensor Tower  
  149  9:07  Widow Mine x2, Missile Turret  
  153  9:12  Missile Turret x2  
  153  9:13  Planetary Fortress  
  153  9:17  SCV x3  
  153  9:23  Sensor Tower  
  155  9:28  Widow Mine, Thor  
  155  9:29  Widow Mine  
  165  9:34  Barracks  
  165  9:35  Barracks  
  165  9:37  Barracks  
  165  9:45  Missile Turret  
  165  9:49  Missile Turret  
  165  9:52  Marauder  
  167  9:56  Marine x4  
  167  9:59  Missile Turret x2  
  171  10:02  Terran Vehicle And Ship Armor Level 2  
  171  10:03  Barracks Reactor, Supply Depot x2  
  171  10:05  Supply Depot  
  171  10:07  Supply Depot  
  171  10:08  Concussive Shells  
  171  10:10  Terran Infantry Weapons Level 3, Terran Infantry Armor Level 3  
  171  10:14  Missile Turret  
  171  10:15  Missile Turret  
  171  10:26  Medivac  
  171  10:27  Marauder, Medivac  
  152  10:37  SCV  
  152  10:38  SCV x3, Barracks Tech Lab x3  
  152  10:42  Marine x6  
  162  10:43  Supply Depot x3  
  162  10:44  Command Center  
  162  10:48  Marauder, Sensor Tower  
  162  10:49  Thor, Supply Depot  
  172  10:50  Widow Mine  
  172  11:06  Medivac x2  
  172  11:07  Marauder x3  
  182  11:16  SCV  
  182  11:19  Orbital Command  
  182  11:20  Missile Turret  
  182  11:21  Marauder  
  182  11:24  Widow Mine x2  
  188  11:28  SCV  
  188  11:29  Marauder x3  
  172  11:33  Marine  
  172  11:34  Marine  
  159  11:41  Orbital Command  
  159  11:42  SCV x3, Marauder, Sensor Tower  
  162  11:49  Marine x4  
  162  11:50  Marauder x2  
  162  11:53  Thor  
  162  11:54  Widow Mine x2  
  174  12:05  Marauder x2  
  174  12:06  Medivac x2  
  174  12:07  SCV x2  
  181  12:08  Missile Turret x2  
  181  12:09  Missile Turret  
  181  12:11  Marauder  
  181  12:12  Missile Turret  
  183  12:16  Widow Mine x2  
  187  12:30  Supply Depot  
  187  12:31  Terran Vehicle And Ship Armor Level 3  
  187  12:32  Marauder x2, Marine x4  
  195  12:39  Widow Mine  
  195  12:41  Marine x2  
  195  12:42  Marauder  
  195  12:43  Marauder, Marine x2  
  195  12:50  Marine x4  
  195  12:51  Orbital Command  
  170  12:54  Marauder x2  
  172  12:59  Marine x2  
  172  13:01  Marine x2  
  172  13:03  Marauder  
  175  13:09  Orbital Command, Marine x4  
  175  13:10  Marauder  
  175  13:12  Widow Mine  
  183  13:15  Marauder x2  
  179  13:32  SCV x3  
  181  13:46  Thor  
  181  13:47  Widow Mine x2  
  191  13:49  Marauder x2, Marine x4  
  191  13:54  Marine x2  
  191  13:55  Marauder  
  196  14:01  Marauder, Marine x2  
  178  14:08  Widow Mine, Hellion  
  174  14:13  Planetary Fortress  
  174  14:19  SCV x4  
  176  14:32  SCV  
  176  14:33  SCV x3, Sensor Tower  
  176  14:37  Sensor Tower  
  180  14:41  Marine x6  
  180  14:42  Marauder x3  
  192  14:47  Widow Mine x3  
  192  14:48  Medivac  
  192  14:50  Missile Turret  
  200  14:55  Missile Turret x2  
  200  15:10  Barracks Reactor  
  200  15:13  Marauder x4, Marine x2  
  165  15:16  Widow Mine x2, Thor  
  160  15:24  Marine x4  
  155  15:31  Marine  
  155  15:34  Marauder x2  
  155  15:35  Marauder  
  158  15:39  Widow Mine x2  
  160  15:47  SCV  
  160  15:48  SCV x2  
  163  15:51  Medivac x2  
  167  16:08  Widow Mine  
  167  16:09  Widow Mine x2, Orbital Command, Marauder, Marine x6  
  167  16:10  Marauder x2  
  167  16:19  Marauder  
  167  16:24  Orbital Command  
  163  16:27  Marine x3  
  163  16:29  Medivac  
  163  16:30  Widow Mine x2  
  163  16:31  Marauder  
  174  16:33  Medivac  
  176  16:46  Sensor Tower  
  172  16:58  Marauder x2, Marine x4  
  178  17:07  Marauder x2, Marine x2  
  184  17:16  Marine x2  
  184  17:18  Medivac  
  188  17:25  Supply Depot  
  188  17:32  Marauder  
  188  17:34  Marauder, Marine x2  
  188  17:35  Marauder  
  188  17:36  Marauder, Marine x2  
  187  17:38  Marine x2  
  187  17:42  Widow Mine  
  184  17:45  SCV  
  184  17:46  SCV x3  
  184  17:48  Supply Depot x2  
  188  17:52  Refinery, Marine x2  
  188  17:53  Marauder  
  188  17:54  Marine x2  
  188  17:55  Refinery, Marauder  
  188  17:56  Marauder, Marine x2  
  188  17:57  Marauder  
  157  18:06  Orbital Command  
  157  18:10  Marine x2  
  157  18:11  Marine  
  157  18:12  Marine  
  126  18:14  Marauder, Marine x2  
  126  18:16  Marauder  
  126  18:18  Marauder, Marine  
  118  18:28  Marine x2  
  118  18:29  Marine  
  118  18:30  Marine  
  118  18:31  Marine x2  
  118  18:33  SCV x4  
Show
View Real Time Build Order
Export as new Build Order

DPGRogue Zerg - Winner!

Build Orders: Hatch First, Muta Ling Bane 

Get SALT Encoding   

  12  0:00  Drone  
  13  0:12  Overlord  
  13  0:16  Drone  
  14  0:30  Drone x2  
  16  0:46  Hatchery  
  15  0:50  Drone  
  15  0:54  Drone  
  17  0:57  Drone  
  18  1:08  Extractor  
  17  1:14  Spawning Pool  
  17  1:16  Drone  
  17  1:20  Drone  
  18  1:28  Drone  
  19  1:38  Drone  
  20  1:49  Drone  
  21  2:00  Queen x2  
  26  2:01  Zergling x4  
  27  2:10  Overlord  
  27  2:11  Drone  
  28  2:23  Hatchery  
  28  2:27  Drone  
  28  2:29  Drone  
  29  2:31  Drone  
  29  2:35  Drone  
  31  2:40  Spore Crawler  
  31  2:43  Queen  
  33  2:47  Metabolic Boost  
  33  2:53  Overlord  
  33  2:56  Drone  
  34  2:59  Drone  
  34  3:00  Drone  
  36  3:07  Pneumatized Carapace  
  36  3:12  Drone x2  
  38  3:15  Drone x2  
  38  3:16  Drone  
  38  3:19  Overlord  
  41  3:25  Queen  
  43  3:28  Drone  
  44  3:37  Queen  
  44  3:38  Drone x3  
  44  3:40  Drone  
  50  3:43  Drone  
  50  3:45  Drone  
  50  3:46  Drone  
  53  3:53  Drone, Spore Crawler  
  53  3:55  Queen  
  55  3:58  Zergling x2  
  55  3:59  Zergling x2  
  55  4:02  Overlord, Baneling Nest  
  57  4:04  Drone  
  57  4:07  Overlord  
  58  4:11  Overlord  
  58  4:25  Queen  
  58  4:27  Drone x6  
  58  4:29  Extractor  
  65  4:32  Zergling x8  
  65  4:37  Lair  
  69  4:39  Drone  
  69  4:41  Drone  
  69  4:42  Drone  
  69  4:44  Drone  
  73  4:47  Drone  
  73  4:48  Overlord  
  73  4:49  Spore Crawler  
  73  4:50  Overlord  
  73  4:55  Extractor, Spore Crawler  
  73  4:56  Extractor  
  73  4:58  Baneling x2  
  73  4:59  Overlord  
  70  5:00  Drone, Baneling  
  70  5:01  Drone x3  
  70  5:02  Overlord  
  73  5:12  Extractor, Zergling x6  
  76  5:14  Extractor, Drone x3  
  76  5:17  Drone  
  76  5:21  Drone x3  
  81  5:26  Drone  
  82  5:28  Drone  
  82  5:29  Drone  
  80  5:39  Drone  
  80  5:40  Drone x4  
  80  5:41  Drone x3  
  88  5:48  Drone  
  88  5:49  Drone  
  88  5:52  Drone  
  89  5:59  Drone, Evolution Chamber  
  89  6:00  Evolution Chamber  
  89  6:01  Drone  
  89  6:02  Hatchery, Overseer  
  89  6:03  Centrifical Hooks  
  88  6:06  Drone x4  
  92  6:13  Overlord  
  92  6:18  Zergling x14  
  93  6:21  Hatchery  
  93  6:23  Overlord  
  93  6:24  Zergling x2  
  99  6:31  Zergling x2  
  100  6:37  Zerg Ground Armor Level 1, Zerg Melee Weapons Level 1  
  100  6:38  Zergling x2  
  100  6:39  Zergling x12, Spire  
  106  6:40  Zergling x2  
  106  6:44  Drone  
  106  6:45  Drone  
  103  6:50  Drone x4  
  100  6:54  Drone  
  100  6:58  Drone, Baneling x7  
  102  7:07  Drone x6  
  108  7:15  Zergling x4  
  109  7:22  Zergling x2  
  110  7:23  Zergling x8  
  113  7:30  Overlord x2  
  113  7:35  Baneling x6  
  108  7:39  Drone  
  108  7:40  Drone x3, Extractor  
  111  7:50  Mutalisk x7  
  123  7:53  Mutalisk x2  
  123  7:54  Mutalisk x4  
  123  7:55  Overlord  
  123  7:56  Zergling x2  
  136  8:01  Zergling x2  
  136  8:05  Mutalisk  
  134  8:06  Zergling x2  
  134  8:07  Zergling x10  
  134  8:08  Drone  
  134  8:11  Drone  
  134  8:12  Drone  
  141  8:13  Extractor  
  141  8:14  Drone x3  
  141  8:15  Mutalisk x2, Overseer  
  141  8:16  Drone  
  141  8:17  Drone x2  
  141  8:18  Drone x2  
  151  8:23  Drone  
  151  8:25  Drone  
  152  8:27  Mutalisk x2  
  152  8:28  Overlord  
  152  8:29  Zergling x4  
  157  8:36  Mutalisk x2  
  157  8:41  Drone  
  157  8:42  Overlord x2  
  157  8:46  Infestation Pit  
  156  8:48  Drone  
  156  8:49  Drone x2, Overlord  
  156  8:51  Hatchery, Overlord  
  156  8:52  Spore Crawler  
  156  8:54  Zergling x4  
  159  8:58  Zerg Ground Armor Level 2, Overseer  
  159  9:05  Zerg Melee Weapons Level 2  
  159  9:08  Drone x5  
  164  9:11  Zergling x2  
  164  9:12  Zergling x10  
  164  9:16  Zergling x12  
  176  9:19  Zerg Flyer Weapons Level 1  
  176  9:22  Drone, Burrow  
  177  9:24  Drone  
  178  9:31  Drone  
  178  9:32  Drone x4  
  178  9:33  Spore Crawler  
  178  9:36  Zergling x10  
  178  9:37  Zergling x2  
  188  9:39  Hatchery  
  187  9:47  Hive  
  187  9:49  Baneling  
  187  9:50  Baneling x16  
  187  9:54  Zergling x2  
  187  9:56  Zergling x10  
  187  9:57  Zergling x8  
  187  9:58  Overlord  
  197  10:01  Baneling  
  197  10:02  Baneling x3  
  197  10:04  Zergling x2  
  198  10:14  Zergling x2  
  198  10:18  Hatchery  
  198  10:20  Zergling x2  
  191  10:31  Zergling x12  
  191  10:32  Zergling x10  
  200  10:38  Baneling x8  
  200  10:39  Baneling x21  
  200  11:02  Adrenal Glands  
  200  11:03  Spine Crawler  
  199  11:04  Ultralisk Cavern  
  199  11:05  Zergling x4  
  199  11:06  Spine Crawler, Baneling  
  199  11:07  Baneling x22  
  199  11:08  Baneling  
  199  11:11  Zergling x2  
  199  11:15  Zerg Flyer Weapons Level 2  
  199  11:17  Extractor  
  199  11:18  Drone  
  188  11:39  Zergling x2  
  179  11:40  Zergling x40  
  179  11:44  Zerg Melee Weapons Level 3, Zerg Ground Armor Level 3  
  189  12:05  Baneling x13  
  189  12:06  Baneling x17  
  189  12:07  Zergling x20  
  197  12:09  Zergling x4  
  199  12:15  Spore Crawler  
  199  12:17  Zergling x2  
  199  12:28  Chitinous Plating  
  199  12:32  Extractor  
  199  12:36  Zergling x2  
  182  12:46  Ultralisk x3  
  182  12:47  Zergling x2  
  182  12:48  Zergling x14  
  182  12:49  Zergling x2  
  182  12:51  Zergling x6  
  186  13:00  Zergling x16  
  186  13:01  Zergling x8  
  186  13:02  Zergling x2  
  186  13:03  Baneling x2  
  198  13:07  Overseer  
  198  13:10  Baneling x7  
  198  13:11  Zergling x4  
  200  13:24  Zergling x2  
  200  13:25  Zergling x2  
  196  13:27  Zergling x4  
  196  13:29  Zergling x2  
  192  13:34  Zerg Flyer Weapons Level 3  
  192  13:35  Zergling x12  
  192  13:36  Zergling x2  
  199  13:46  Anabolic Synthesis  
  199  13:48  Baneling  
  199  13:49  Baneling x13  
  184  13:56  Ultralisk  
  184  13:57  Ultralisk  
  184  13:59  Zergling x14  
  184  14:00  Zergling x6  
  183  14:05  Zergling x2  
  183  14:06  Zergling x20  
  192  14:10  Zergling x16  
  200  14:29  Baneling x20  
  200  14:30  Baneling x8  
  200  14:39  Baneling x4  
  200  14:40  Baneling x18  
  197  15:07  Zergling x2  
  197  15:09  Hatchery  
  197  15:12  Ultralisk x3  
  181  15:16  Zergling x28  
  181  15:17  Zergling x16  
  194  15:29  Zergling x2  
  194  15:34  Zergling x34  
  200  15:48  Baneling  
  200  15:49  Baneling x29  
  200  15:50  Baneling x16  
  200  16:01  Zergling x2  
  184  16:12  Zerg Flyer Armor Level 1  
  163  16:22  Zergling x2  
  163  16:23  Zergling x60  
  163  16:24  Zergling x14  
  197  16:25  Zergling x4  
  197  16:26  Zergling x4  
  200  16:35  Baneling  
  200  16:58  Zergling x4  
  200  17:00  Hatchery  
  199  17:07  Baneling x5  
  199  17:08  Baneling x30  
  199  17:09  Baneling x29  
  199  17:10  Baneling x6  
  199  17:11  Zergling x2  
  199  17:15  Hatchery  
  199  17:20  Zergling x2  
  178  17:46  Ultralisk x3  
  178  17:48  Zergling x6  
  180  18:01  Ultralisk x3  
  191  18:07  Ultralisk  
  191  18:08  Zergling x10  
  191  18:11  Zergling x6  
  191  18:12  Zergling x2  
  199  18:13  Zergling x2  
  199  18:18  Zergling x24  
  194  18:20  Zergling x2  
  194  18:23  Overseer x3  
  192  18:30  Zergling x16  
  192  18:31  Zergling x2  
  199  18:35  Baneling  
  199  18:36  Baneling x3, Zergling x2  
Tags
 
Add a new tag
Caveats
  • Supply blocks, unpowered buildings, or Contaminate may cause inaccurate times.
  • Supply counts are checked every 10 seconds.